 Dungeon Crawl Stone Soup version 0.30.1-11-g7821555f0a (webtiles) character file.

Game seed: 11638063233554108733

1319 anacleto the Caller (level 8, 0/41 HPs)
             Began as a Deep Elf Summoner on Dec 4, 2023.
             Succumbed to a scorpion's poison
             ... in an ossuary.
             The game lasted 00:20:50 (4341 turns).

anacleto the Caller (Deep Elf Summoner)             Turns: 4341, Time: 00:20:51

Health: 0/41       AC:  3    Str:  5    XL:     8   Next: 33%
Magic:  24/28      EV: 13    Int: 23    God:
Gold:   153        SH:  5    Dex: 15    Spells: 6/19 levels left

rFire   + . .        i - +1 dagger (holy)
rCold   . . .        (no shield)
rNeg    + . .        p - +1 robe of a sewer {rF+ rN+}
rPois   .            (no helmet)
rElec   .            (no cloak)
rCorr   .            (no gloves)
SInv    .            (no boots)
Will    .....        w - amulet of reflection
Stlth   +++          u - ring of magical power
HPRegen 0.26/turn    (no ring)
MPRegen 0.21/turn

%: reflection
@: lethally poisoned (0 -> -6)
A: no striking features
a: no special abilities


You were in an ossuary.
You visited 1 branch of the dungeon, and saw 6 of its levels.
You also visited: Ossuary.

You collected 283 gold pieces.
You spent 130 gold pieces at shops.

Inventory:

Hand Weapons
 i - a +1 dagger of holy wrath (weapon)
Missiles
 g - 59 stones
 s - 2 throwing nets
Armour
 a - a +0 robe
 p - the +1 robe of a sewer (worn) {rF+ rN+}
   (You found it on level 3 of the Dungeon)

   rF:        It protects you from fire.
   rN:        It protects you from negative energy.
Jewellery
 n - a ring of protection from fire
 u - a ring of magical power (left hand)
 v - a ring of wizardry
 w - an amulet of reflection (around neck)
 A - an amulet of faith
Wands
 o - a wand of iceblast (14)
 B - a wand of polymorph (4)
Scrolls
 f - 2 scrolls of fear
 k - 2 scrolls of torment
 x - a scroll of teleportation {unknown}
 y - a scroll of poison {unknown}
 C - a scroll of vulnerability {unknown}
Potions
 b - 2 potions of magic
 d - 2 potions of might
 e - 6 potions of curing
 j - a potion of resistance {unknown}
 l - 2 potions of invisibility
 m - 2 potions of haste
 q - a potion of brilliance
 r - 3 potions of lignification
 t - a potion of degeneration {unknown}
 z - a potion of heal wounds {unknown}


   Skills:
 - Level 2.9 Dodging
 + Level 6.0 Stealth
 + Level 6.2 Spellcasting
 * Level 6.8 Hexes
 * Level 7.8 Summonings
 + Level 1.1 Air Magic


You had 6 spell levels left.
You knew the following spells:

 Your Spells              Type           Power      Damage    Failure   Level
a - Summon Small Mammal   Summ           100%       N/A       1%          1
b - Call Imp              Summ           86%        N/A       1%          2
c - Call Canine Familiar  Summ           43%        N/A       1%          3
d - Summon Guardian Gole  Hex/Summ       40%        N/A       1%          3
e - Summon Lightning Spi  Summ/Air       27%        N/A       13%         4

Your spell library contained the following spells:

 Spells                   Type           Power      Damage    Failure   Level
 Tukima's Dance           Hex            38%        N/A       1%          3
 Ensorcelled Hibernation  Hex/Ice        44%        N/A       3%          2
 Portal Projectile        Hex/Tloc       44%        N/A       6%          3
 Magic Dart               Conj           28%        1d4       9%          1
 Necrotise                Necr           28%        1d5       9%          1
 Cigotuvi's Dreadful Rot  Necr/Pois/Air  16%        N/A       11%         2
 Passwall                 Tmut/Erth      5%         N/A       13%         2
 Searing Ray              Conj           14%        2d5       13%         2
 Swiftness                Air            12%        N/A       16%         3
 Fulminant Prism          Conj/Hex       11%        3d8       21%         4
 Vampiric Draining        Necr           7%         2d6       26%         3
 Dispel Undead            Necr           7%         3d8       63%         4
 Agony                    Necr           7%         N/A       93%         5
 Blade Hands              Tmut           3%         N/A       93%         5
 Death Channel            Necr           3%         N/A       100%        6


Dungeon Overview and Level Annotations

Branches:
Dungeon (6/15)            Ossuary (1/1)
 Temple: D:4-7

Altars:

Shops:
D:1 [   D:2 (!*:=


Message History

Confirm with . or Enter, or press ? or * to list all spells.
The hobgoblin zombie barely misses your hound.
Your hound bites the hobgoblin zombie.
The hobgoblin zombie is destroyed!
The scorpion stings your cerulean imp.
Your cerulean imp hits the scorpion but does no damage.
Your hound bites the scorpion.
The scorpion stings your cerulean imp.
Your cerulean imp dies!
Your cerulean imp disappears in a puff of smoke!
Your hound bites the scorpion but does no damage.
Casting: Summon Small Mammal (safe; 1% risk of failure)
Confirm with . or Enter, or press ? or * to list all spells.
A tiny devil pulls itself out of the air.
Your cerulean imp says, "I'm here!"
Your hound completely misses the scorpion.
Your hound closely misses the scorpion.
The scorpion stings your quokka.
Your quokka dies!
Your quokka's corpse disappears in a puff of smoke!
Your hound closely misses the scorpion.
Your cerulean imp hits the scorpion from afar with a +0 spear.
Casting: Call Imp (safe; 1% risk of failure)
Confirm with . or Enter, or press ? or * to list all spells.
A guardian golem appears, shielding your allies.
Your cerulean imp hits the scorpion but does no damage.
Your cerulean imp hits the scorpion but does no damage.
The scorpion attacks as you move away! The scorpion stings you!
* * * LOW HITPOINT WARNING * * *
You are lethally poisoned!
The scorpion poisons you!
* * * LOW HITPOINT WARNING * * *
You feel very sick.
Your hound bites the scorpion.
Your cerulean imp misses the scorpion.
* * * LOW HITPOINT WARNING * * *
You feel sick. You block the scorpion's attack.
* * * LOW HITPOINT WARNING * * *
You feel sick.
Your hound barely misses the scorpion.
Your cerulean imp hits the scorpion from afar with a +0 spear.
As you read the scroll of fear, it crumbles to dust.
You assume a fearsome visage.
The scorpion looks frightened!
You die...

##########'#######'##
#.....#.....#
#.....#.....#
#.....8.....#
#.......5...#
#...........#
###8...h98###
#.....s.....#
#.....@.....#
#.....8.....#
+.....#.....#
#.....#.....#
#############


You could see a scorpion (fleeing, ally target), a friendly guardian golem
(summoned), a friendly hound (summoned, sheltered) and a friendly cerulean imp
(summoned, sheltered).

Vanquished Creatures
  A phantom (D:5)
  An iguana (D:5)
  A worm (D:2)
  A bat (D:2)
  An endoplasm (D:4)
  A goblin (D:4)
  A hobgoblin (D:2)
  A quokka (D:4)
  A goblin zombie (Ossuary)
  A rat (D:1)
10 creatures vanquished.

Vanquished Creatures (collateral kills)
  Grinder (D:3)
  An ogre (D:3)
  4 scorpions (Ossuary)
  Dowan (D:5)
  2 centaur zombies (Ossuary)
  3 hounds
  A human zombie (Ossuary)
  A gnoll bouda (D:4)
  Jessica (D:3)
  An iguana (D:5)
  An orc wizard (D:4)
  A scorpion zombie (Ossuary)
  6 gnolls
  3 adders
  A white imp (D:5)
  3 worms
  A dart slug (D:5)
  3 orcs
  6 ball pythons
  6 endoplasms
  3 giant cockroaches
  3 goblins
  6 hobgoblins
  3 jackals (D:1)
  A quokka (D:3)
  7 bats
  A frilled lizard (D:3)
  A gnoll zombie (Ossuary)
  A goblin zombie (Ossuary)
  A hobgoblin zombie (Ossuary)
  8 kobolds
  A kobold zombie (Ossuary)
  An orc zombie (Ossuary)
  4 rats
88 creatures vanquished.

Vanquished Creatures (others)
  Duvessa (D:5)
  A gnoll bouda (D:5)
  2 gnolls (D:5)
4 creatures vanquished.

Grand Total: 102 creatures vanquished

Notes
Turn   | Place    | Note
-------+----------+-------------------------------------------
     0 | D:1      | anacleto the Deep Elf Summoner began the quest for the Orb.
     0 | D:1      | Reached XP level 1. HP: 10/10 MP: 6/6
    61 | D:1      | Found a faded altar of an unknown god.
    64 | D:1      | Found Vysadwak's Antique Armour Boutique.
   227 | D:1      | Reached XP level 2. HP: 14/15 MP: 4/8
   230 | D:1      | Learned a level 2 spell: Call Imp
   731 | D:2      | Found Pinwig's Jewellery Shop.
   856 | D:2      | Found Siykh's Book Emporium.
   910 | D:2      | Reached XP level 3. HP: 19/19 MP: 5/10
   914 | D:2      | Learned a level 3 spell: Call Canine Familiar
  1137 | D:2      | Found Zuhijot's Distillery.
  1156 | D:2      | Found Dunoruta's Weapon Emporium.
  1170 | D:2      | Bought a potion of curing for 30 gold pieces
  1170 | D:2      | Bought a potion of haste for 100 gold pieces
  1338 | D:2      | Reached skill level 5 in Summonings
  1387 | D:2      | Found Yjoafire's General Store.
  1545 | D:3      | Identified the +1 robe of a sewer {rF+ rN+}
  1577 | D:3      | Learned a level 3 spell: Summon Guardian Golem
  1634 | D:3      | Noticed Grinder
  1679 | D:3      | Killed Grinder
  1680 | D:3      | Reached XP level 4. HP: 24/24 MP: 3/12
  1680 | D:3      | Reached XP level 5. HP: 28/28 MP: 3/13
  1767 | D:3      | Reached XP level 6. HP: 32/32 MP: 14/14
  1827 | D:3      | Reached skill level 6 in Summonings
  2100 | D:3      | Noticed Jessica
  2109 | D:3      | Killed Jessica
  2329 | D:4      | Reached skill level 5 in Spellcasting
  2485 | D:4      | Reached XP level 7. HP: 36/36 MP: 9/16
  3111 | D:5      | Entered Level 5 of the Dungeon
  3225 | D:5      | Reached skill level 5 in Stealth
  3551 | D:5      | Reached skill level 5 in Hexes
  3855 | D:5      | Reached skill level 7 in Summonings
  4002 | D:6      | Noticed Duvessa
  4002 | D:6      | Noticed Dowan
  4033 | D:5      | Killed Dowan
  4071 | D:5      | Killed Duvessa
  4175 | D:6      | Found a sand-covered staircase.
  4179 | Ossuary  | Entered an ossuary
  4208 | Ossuary  | Reached XP level 8. HP: 34/41 MP: 18/18
  4216 | Ossuary  | Learned a level 4 spell: Summon Lightning Spire
  4311 | Ossuary  | Reached skill level 1 in Air Magic
  4340 | Ossuary  | HP: 2/41 [poisoned by a scorpion]
  4341 | Ossuary  | Succumbed to a scorpion's poison

Illustrated notes

Levels and vault maps discovered:
D:1:      reono_arrival_forest_river, layout_basic, serial_shops, shop,
          shapermc_ecumenical_altar_mp_ritualfount
D:2:      layout_rooms, serial_shops, shop, nicolae_shop_hallway_plus, shop,
          shop, shop
D:3:      layout_rooms, uniq_jessica, uniq_grinder
D:4:      layout_loops_ring, wad_floor_pattern_untrapped
D:5:      layout_gridville, minmay_misc_feat_encased
D:6:      layout_basic, minmay_temple_entry_waves, enter_ossuary_5,
          uniq_sigmund, uniq_pikel, uniq_duvessa, uniq_maggie,
          uniq_prince_ribbit1, uniq_crazy_yiuf_cottage
Ossuary:  ossuary_minmay_scorpions

Skill      XL: |  1  2  3  4  5  6  7  8 |
---------------+-------------------------+-----
Stealth        | 3 4 5 6 |  6.0
Summonings     | 5 6 7 |  7.8
Spellcasting   | 4 5 6 |  6.2
Hexes          | 3 4 6 |  6.8
Air Magic      | 1 |  1.1
Dodging        | |  2.9

Action                     |  1- 3 |  4- 6 |  7- 9 || total
---------------------------+-------+-------+-------++-------
  Melee: Unarmed           |     1 |       |       ||     1
         Dagger            |    25 |    15 |    42 ||    82
   Cast: Summon Small Mamm |    42 |    14 |     9 ||    65
         Call Imp          |    10 |     5 |    12 ||    27
         Call Canine Famil |     6 |     7 |    13 ||    26
         Summon Guardian G |       |       |     5 ||     5
    Use: Scroll            |       |       |     8 ||     8
   Stab: Sleeping          |       |       |     2 ||     2
         Distracted        |       |       |     1 ||     1
 Armour: Robe              |    13 |     6 |     6 ||    25
  Dodge: Dodged            |    46 |    39 |    25 ||   110
  Block: Other             |       |       |    11 ||    11
